 Dungeon Crawl Stone Soup version 0.31-a0-1237-gabc64e778c (webtiles) character file.

Game seed: 18008262849462584482

98440 Zonian the Thaumaturge (level 15, -6/111 (118) HPs)
             Began as a Demigod Ice Elementalist on Dec 12, 2023.
             Mangled by a pharaoh ant (15 damage)
             ... on level 1 of the Spider Nest on Dec 16, 2023.
             The game lasted 03:09:05 (43537 turns).

Zonian the Thaumaturge (Demigod Ice Elementalist)  Turns: 43537, Time: 03:09:05

HP:   -6/111 (118)  AC:  9    Str:  4    XL:     15   Next: 30%
MP:   44/44         EV:  8    Int: 39    God:
Gold: 364           SH:  0    Dex: 21    Spells: 5/37 levels left

rFire   + + .        j - +9 dagger (speed) {short}
rCold   . . .        (no shield)
rNeg    . . .        M - +0 leather armour {rF+}
rPois   +            o - +1 helmet
rElec   .            b - +0 cloak
rCorr   +            g - +0 pair of gloves of Tadun {Dex+3 SInv Stlth+}
SInv    +            F - +1 pair of boots of the Valley {rPois rF+ rCorr Str-5}
Will    +....        c - amulet of magic regeneration {@e2}
Stlth   +++++        l - ring of magical power
HPRegen 0.38/turn    P - +6 ring of intelligence
MPRegen 0.69/turn

%: no passive effects
@: held, slowed, drained, very slow
A: high MP 1, forlorn, divine attributes
a: no special abilities


You were on level 1 of the Spider Nest.
You visited 4 branches of the dungeon, and saw 23 of its levels.
You also visited: Ossuary and Volcano.

You collected 2802 gold pieces.
You spent 2438 gold pieces at shops.


Innate Abilities, Weirdness & Mutations

You have an increased reservoir of magic. (+10% MP)
You shall have no god before yourself.
Your divine heritage dramatically boosts your attributes as you level up.


   Skills:
 + Level 7.3 Fighting
 - Level 7.0 Short Blades
 - Level 6.7 Dodging
 - Level 7.4 Stealth
 + Level 11.5 Spellcasting
 - Level 9.0 Conjurations
 + Level 10.0 Summonings
 - Level 3.1 Translocations
 - Level 8.9 Ice Magic
 + Level 11.2 Air Magic


You had 5 spell levels left.
You knew the following spells:

 Your Spells              Type           Power      Damage    Failure   Level
a - Freeze                Ice            100%       1d10      1%          1
b - Frozen Ramparts       Ice            100%       1d16      1%          3
c - Ozocubu's Armour      Ice            75%        N/A       1%          3
d - Static Discharge      Conj/Air       100%       3-8/arc   1%          2
e - Swiftness             Air            83%        N/A       1%          3
f - Airstrike             Air            41%        2d(6-22)  1%          4
g - Summon Ice Beast      Ice/Summ       77%        N/A       1%          4
h - Call Canine Familiar  Summ           79%        N/A       1%          3
i - Blink                 Tloc           94%        N/A       1%          2
j - Summon Lightning Spi  Summ/Air       81%        N/A       1%          4
k - Mephitic Cloud        Conj/Pois/Air  66%        N/A       1%          3

Your spell library contained the following spells:

 Spells                   Type           Power      Damage    Failure   Level
 Kiss of Death            Conj/Necr      100%       2d13      1%          1
 Summon Small Mammal      Summ           100%       N/A       1%          1
 Ensorcelled Hibernation  Hex/Ice        100%       N/A       1%          2
 Lesser Beckoning         Tloc           94%        N/A       1%          2
 Momentum Strike          Conj/Tloc      100%       3d10      1%          2
 Poisonous Vapours        Pois/Air       100%       N/A       1%          2
 Summon Guardian Golem    Hex/Summ       57%        N/A       1%          3
 Freezing Cloud           Conj/Ice/Air   39%        6-21      1%          5
 Gell's Gravitas          Tloc           47%        N/A       2%          3
 Teleport Other           Tloc           47%        N/A       2%          3
 Necrotise                Necr           88%        1d8       3%          1
 Passwall                 Tmut/Erth      18%        N/A       4%          2
 Sublimation of Blood     Necr           22%        N/A       4%          2
 Wereblood                Tmut           22%        N/A       4%          2
 Confusing Touch          Hex            22%        N/A       9%          3
 Vampiric Draining        Necr           22%        2d7       9%          3
 Dispel Undead            Necr           22%        3d12      28%         4
 Leda's Liquefaction      Hex/Erth       11%        N/A       28%         4
 Agony                    Necr           22%        N/A       63%         5
 Lee's Rapid Deconstruct  Erth           11%        3d8*      63%         5
 Summon Hydra             Summ           39%        N/A       36%         7
 Bombard                  Conj/Erth      27%        9d5       56%         6
 Dispersal                Tloc           23%        N/A       77%         6

Inventory:

Hand Weapons
 j - a +9 dagger of speed (weapon) {short}
   (You took it off a goblin on level 2 of the Dungeon)
 y - the +4 hand axe "Suaskee" {flame, Will+, axe}
   (You bought it in a shop on level 14 of the Dungeon)

   Will+:     It increases your willpower.
 G - a +0 quick blade of flaming {short}
   (You found it in a volcano)
 I - the +4 rapier of Impatience {freeze, Int+2, short}
   (You found it on level 14 of the Dungeon)

   Int+2:     It affects your intelligence (+2).
 L - a +2 demon whip of flaming {mace}
   (You found it in a volcano)
 X - the +6 Majin-Bo {spellvamp, MP+6 Int+6}
   (You acquired it on level 12 of the Dungeon)

   Int+6:     It affects your intelligence (+6).
   MP+6:      It affects your magic capacity (+6).
Missiles
 q - 14 boomerangs {throwing}
 s - 3 curare-tipped darts {=fthrowing}
 E - 8 atropa-tipped darts {throwing}
 Q - 23 poisoned darts {throwing}
Armour
 b - a +0 cloak (worn)
   (You took it off Crazy Yiuf on level 5 of the Dungeon)
 g - the +0 pair of gloves of Tadun (worn) {Dex+3 SInv Stlth+}
   (You acquired it on level 3 of the Lair of Beasts)

   Dex+3:     It affects your dexterity (+3).
   SInv:      It lets you see invisible.
   Stlth+:    It makes you more stealthy.
 o - a +1 helmet (worn)
   (You took it off Robin on level 3 of the Dungeon)
 F - the +1 pair of boots of the Valley (worn) {rPois rF+ rCorr Str-5}
   (You bought it in a shop on level 2 of the Orcish Mines)

   Str-5:     It affects your strength (-5).
   rF+:       It protects you from fire.
   rPois:     It protects you from poison rCorr: It protects you from acid and
   corrosion.
 K - +0 acid dragon scales
   (You found it on level 10 of the Dungeon)
 M - a +0 leather armour of fire resistance (worn)
   (You bought it in a shop on level 10 of the Dungeon)
Magical Staves
 B - a staff of earth {!astaff}
   (You found it on level 3 of the Lair of Beasts)
Jewellery
 c - an amulet of magic regeneration (around neck) {@e2}
   (You found it on level 1 of the Dungeon)
 l - a ring of magical power (left hand)
   (You found it on level 4 of the Dungeon)
 m - a ring of resist corrosion
   (You found it on level 4 of the Dungeon)
 t - a ring of fire
   (You found it on level 5 of the Lair of Beasts)
 O - an amulet of reflection
   (You found it on level 14 of the Dungeon)
 P - a +6 ring of intelligence (right hand)
   (You found it on level 10 of the Dungeon)
 R - a ring of willpower
   (You found it on level 2 of the Lair of Beasts)
 W - a ring of wizardry
   (You found it on level 5 of the Lair of Beasts)
Wands
 n - a wand of iceblast (13)
   (You took it off an orc on level 4 of the Dungeon)
 x - a wand of quicksilver (5)
   (You found it on level 8 of the Dungeon)
 C - a wand of charming (13)
   (You found it on level 8 of the Dungeon)
 N - a wand of flame (19)
   (You bought it in a shop on level 10 of the Dungeon)
Scrolls
 e - 5 scrolls of teleportation {@r4}
 i - 4 scrolls of blinking {!r}
 u - a scroll of silence {!r}
 v - a scroll of poison {!r}
 w - a scroll of identify {@r1}
 S - 2 scrolls of enchant weapon
 T - a scroll of amnesia
 U - a scroll of fog
Potions
 a - a potion of invisibility
 d - 3 potions of heal wounds {@q2}
 f - 2 potions of enlightenment
 h - 9 potions of curing {@q1}
 k - 4 potions of magic
 p - 5 potions of mutation {!q}
 r - a potion of cancellation
 z - a potion of lignification {!q}
 A - 3 potions of brilliance
 D - 2 potions of attraction {!q}
 H - a potion of might
 Y - a potion of berserk rage {!q}
 Z - 7 potions of ambrosia
Miscellaneous
 V - a box of beasts
   (You found it on level 3 of the Lair of Beasts)

Dungeon Overview and Level Annotations

Branches:
Dungeon (15/15) Zot: 25746  Temple (0/1) D:7            Lair (5/5) D:10 Zot: 16924
 Shoals (0/4) Lair:3       Spider (1/4) Lair:2 Zot: 5993   Slime (0/5) Lair:5
    Orc (2/2) D:11 Zot: 7800     Elf (0/3) Orc:2        Vaults (0/5) D:14
 Depths (0/4) D:15        Ossuary (visited)         Volcano (visited)

Shops:
D:9 ?[   D:10 *(*!   D:14 (   D:15 [   Orc:2 [!*?

Annotations:
D:13 3 runed translucent doors
Lair:2 1 runed translucent door, Phlounder's ghost, journeyman MfSh
Lair:3 3 runed translucent doors, JumbleTraveling's ghost, journeyman GnAr
Lair:4 2 runed translucent doors, porpoise's ghost, journeyman MiCA
Lair:5 exclusion: manticore .. #.. #.. ..### # ...## #.. ws.

^....##B#
#.ss@#
#..#s....#
#...
#......#
..#.
..#.#..# .
# ....# .#
..##.# #
.# . #. .


You could see a torpor snail, a culicivora, a pharaoh ant, 2 jumping spiders and
a tarantella.


Message History

The pharaoh ant gives a chilling moan.
The jumping spider's many legs skitter faintly.
You hear a faint skittering sound.
The jumping spider's many legs skitter faintly. 😎 MP[-6] Unknown command.
Casting: Airstrike (safe; 1% risk of failure)
Confirm with . or Enter, or press ? or * to list all spells.
Casting: Frozen Ramparts (safe; 1% risk of failure)
Press: ? - help, Dir - look around, f - activate A crawl-hole back to the Lair.
The walls around you are covered in ice.
The culicivora's many legs skitter faintly.
The wall freezes the redback.
The wall freezes the culicivora.
The wall freezes the jumping spider.
The wall freezes the culicivora.
The culicivora chitters at the redback.
The redback's wounds heal themselves!
The wall freezes the redback.
The redback misses you.
Being near the torpor snail leaves you feeling lethargic.
The wall freezes the pharaoh ant! 😎 MP[-3]
You lost 3 mp, and now have 41/44 mp.
Unknown command.
Unknown command.
The wall freezes the redback!
The redback bites you!
The wall freezes the culicivora.
The wall freezes the jumping spider!
The jumping spider pounces on you!
The jumping spider bites you but does no damage.
The jumping spider leaps!
The wall freezes the pharaoh ant!
The wall freezes the culicivora!
The wall freezes the redback but does no damage.
The redback bites you!
The frozen ramparts melt away.
You climb upwards.
Welcome back to the Lair of Beasts!
Level annotation: 1 runed translucent door, Phlounder's ghost, journeyman MfSh You feel yourself speed up.
There is a hole to the Spider Nest here. 😕 HP[-24] MP[+3]
You take 24 damage, and now have 94/118 hp.
MASSIVE DAMAGE!! (PAUSE)
Your mp is fully restored (44).
Unknown command.
You hit the redback. The redback bites you.
You are poisoned.
The redback poisons you! 😕 HP[-2]
You take 2 damage, and now have 92/118 hp.
Casting: Frozen Ramparts (safe; 1% risk of failure)
Confirm with . or Enter, or press ? or * to list all spells.
Aiming: Airstrike (safe; 1% risk of failure)
Press: ? - help, Dir - move target, f - redback
Aim: a redback (moderately wounded, empty space bonus: 7/8)
The air twists around and strikes the redback!
You kill the redback!
You feel extremely sick. 😮 HP[-9] MP[-3]
You take 9 damage, and now have 83/118 hp.
You lost 3 mp, and now have 41/44 mp.
Unknown command.
You start resting.
You feel extremely sick.
You feel very sick. x4 😮 HP[-21] MP[+3]
You take 21 damage, and now have 62/118 hp.
Your mp is fully restored (44).
You start resting.
You feel sick. x8
You are no longer poisoned. 😨 HP[-8]
You take 8 damage, and now have 54/118 hp.
You start resting.
You start resting. 😎 HP[+64]
Your hp is fully restored (118).
You start waiting.
Done waiting.
You climb downwards.
Welcome back to the Spider Nest!
This branch contains the gossamer rune of Zot.
The jumping spider pounces on you but does no damage.
The jumping spider barely misses you. The jumping spider pounces on you.
The jumping spider misses you. The pharaoh ant barely misses you.
The jumping spider misses you. The jumping spider barely misses you.
The jumping spider misses you. The jumping spider bites you.
The pharaoh ant bites you!
Being near the torpor snail leaves you feeling lethargic.
There is a crawl-hole back to the Lair, spattered with blood here. 😕 HP[-17]
You take 17 damage, and now have 101/118 hp.
Unknown command.
The jumping spider pounces on you.
You are caught in a web!
The jumping spider bites you but does no damage.
The jumping spider pounces on you!
You are even more entangled.
The jumping spider bites you. The pharaoh ant bites you!!
The jumping spider barely misses you. x2; The jumping spider pounces on you!
* * * LOW HITPOINT WARNING * * *
The jumping spider bites you but does no damage.
The pharaoh ant bites you!!!
* * * LOW HITPOINT WARNING * * *
You feel drained.
You die...

Skill      XL: |  1  2  3  4  5  6  7  8  9 10 11 12 13 14 15 |
---------------+----------------------------------------------+-----
Dodging        | 2 3 4 6 |  6.7
Stealth        | 2 3 5 6 7 |  7.4
Spellcasting   | 2 3 4 5 6 7 8 9 10 11 | 11.5
Ice Magic      | 4 5 6 7 8 |  8.9
Conjurations   | 2 4 5 6 7 8 9 |  9.0
Air Magic      | 2 4 5 6 7 8 9 10 11 | 11.2
Short Blades   | 2 3 4 5 6 7 |  7.0
Summonings     | 2 4 5 6 7 9 10 | 10.0
Translocations | 3 |  3.1
Fighting       | 3 6 7 |  7.3

Action                     |  1- 3 |  4- 6 |  7- 9 | 10-12 | 13-15 || total
---------------------------+-------+-------+-------+-------+-------++-------
  Melee: Short sword       |    14 |       |       |       |       ||    14
         Dagger            |    26 |    74 |   155 |   253 |   415 ||   923
         Punch             |     2 |       |     4 |     4 |     5 ||    15
         Bo                |       |       |       |       |     1 ||     1
  Throw: Dart              |       |       |       |       |     2 ||     2
         Boomerang         |       |       |       |       |     1 ||     1
   Cast: Freeze            |    60 |   106 |    26 |    12 |     9 ||   213
         Frozen Ramparts   |       |     5 |    42 |    50 |    43 ||   140
         Ozocubu's Armour  |       |     5 |    14 |    14 |    24 ||    57
         Static Discharge  |       |       |    25 |    38 |    19 ||    82
         Airstrike         |       |       |    15 |   156 |   596 ||   767
         Summon Ice Beast  |       |       |     1 |     6 |    33 ||    40
         Call Canine Famil |       |       |       |     2 |    17 ||    19
         Blink             |       |       |       |     2 |    10 ||    12
         Swiftness         |       |       |       |     1 |     7 ||     8
         Summon Lightning  |       |       |       |       |    20 ||    20
         Mephitic Cloud    |       |       |       |       |    11 ||    11
  Evoke: Wand              |       |     4 |     9 |    23 |    13 ||    49
         Box of beasts     |       |       |       |     1 |       ||     1
    Use: Scroll            |     6 |     5 |    11 |    14 |    10 ||    46
         Potion            |       |     2 |     1 |     4 |     3 ||    10
   Stab: Sleeping          |     6 |       |     1 |     3 |     9 ||    19
         Distracted        |       |       |       |     3 |     3 ||     6
         Confused          |       |       |       |       |     3 ||     3
 Armour: Robe              |    39 |    72 |   159 |    52 |       ||   322
         Skin              |       |    42 |       |       |       ||    42
         Leather armour    |       |       |       |   153 |   283 ||   436
         Acid dragon scale |       |       |       |       |    20 ||    20
  Dodge: Dodged            |    39 |    69 |    83 |   113 |   238 ||   542

Levels and vault maps discovered:
D:1:      minmay_arrival_arboretum_small, layout_basic,
          dreamdust_ecumenical_altar_statues
D:2:      layout_rooms, kennysheep_doodads, patterned_corridor
D:3:      layout_basic, grunt_qazlal_clouds, uniq_robin
D:4:      layout_loops_cross, nicolae_overflow_hallway_of_the_gods
D:5:      layout_loops_cross, nicolae_ossuary_entry_giza, nrook_campfire,
          st_stairs_12, nrook_mini_vaults, uniq_crazy_yiuf_cottage
D:6:      minmay_polygon_palace, layout_basic
D:7:      layout_basic, minmay_temple_entry_large_hall
D:8:      layout_cave_pools, uniq_grum
D:9:      layout_basic, mainiacjoe_overflow_24_doors, serial_shops,
          nicolae_shop_temple_entry_statues_fountains, shop_fountains,
          nicolae_zen_rock_garden
D:10:     layout_irregular_city, lair_entry_dummy, serial_shops, shop,
          nicolae_shop_distant_corner_stores
D:11:     layout_basic, zombieorc2_lemuel, nemelex_lonely_heart_becter
D:12:     layout_basic, minmay_bent
D:13:     layout_loops_corners, mikee_hates_you
D:14:     layout_irregular_city, david_vaults_4, serial_shops,
          nicolae_shop_tiny_waterfront, abandoned_shop
D:15:     grunt_enter_depths_giant_problem, layout_basic, serial_shops, shop,
          hangedman_abyss_or_decor_lesser_grid, tgw_xom
Lair:1:   layout_regular_city
Lair:2:   layout_loops_ring, nicolae_spider_entry_lesser_pyramids,
          hellmonk_ghost_happy_afterlife, pdpol_lair_cavern_descent,
          infiniplex_staircase_pool
Lair:3:   regret_index_harrowing_hell_hive, layout_hall_layers,
          elwin_shoals_entry_rooms, gammafunk_ghost_necromancy,
          chequers_serial_rivers_micro_a, lemuel_fruit_fields
Lair:4:   layout_regular_city, ebering_ghost_disaster_area,
          kennysheep_basilisk_garden
Lair:5:   hangedman_lair_in_review, layout_cave_pods,
          minmay_slime_entry_pillars, chequers_serial_rivers_room_b, uniq_sonja
Spider:1: layout_spider_delve, nicolae_spider_undead_wolf_pack
Orc:1:    layout_diamond_mine, lightli_volcano_entry_magma_tube,
          nicolae_orc_damp_corner, roderic_batcave
Orc:2:    st_orc_mages, layout_caves, mines2_lemuel

Notes
Turn   | Place    | Note
-------+----------+-------------------------------------------
     0 | D:1      | Zonian the Demigod Ice Elementalist began the quest for the
                  | Orb.
     0 | D:1      | Reached XP level 1. HP: 14/14 MP: 5/5
     0 | D:1      | magus.rc [v1.9.6]
    62 | D:1      | You pick up a book of Burglary and begin reading...
    62 | D:1      | You add the spells Passwall, Ensorcelled Hibernation and
                  | Swiftness to your library.
    81 | D:1      | You pick up a book of Storms and begin reading...
    81 | D:1      | You add the spells Static Discharge, Airstrike and Summon
                  | Lightning Spire to your library.
   199 | D:1      | Reached skill level 2 in Dodging
   199 | D:1      | Reached skill level 2 in Stealth
   257 | D:1      | Reached skill level 2 in Spellcasting
   257 | D:1      | Reached XP level 2. HP: 19/20 MP: 5/7
   718 | D:2      | You fall into a shaft and drop 1 floor!
  1120 | D:2      | Reached XP level 3. HP: 26/26 MP: 6/8
  1127 | D:2      | Learned a level 3 spell: Frozen Ramparts
  1300 | D:2      | Reached skill level 4 in Ice Magic
  1874 | D:3      | Noticed Robin
  1881 | D:3      | Killed Robin
  1993 | D:3      | Reached XP level 4. HP: 33/33 MP: 8/10
  2548 | D:4      | Learned a level 3 spell: Ozocubu's Armour
  4148 | D:5      | Entered Level 5 of the Dungeon
  4268 | D:5      | Found the +18 Lear's hauberk
  4304 | D:5      | Reached skill level 3 in Spellcasting
  4304 | D:5      | Reached XP level 5. HP: 38/38 MP: 12/12
  4353 | D:5      | Found a sand-covered staircase.
  4369 | D:5      | Noticed an ogre
  4378 | D:5      | Killed an ogre
  4379 | D:5      | Reached skill level 5 in Ice Magic
  4473 | Ossuary  | Entered an ossuary
  4511 | Ossuary  | Reached XP level 6. HP: 41/45 MP: 9/14
  4548 | D:5      | HP: 10/45 [mummy (7)]
  4818 | D:5      | You pick up a book of Necromancy and begin reading...
  4818 | D:5      | You add the spells Necrotise, Vampiric Draining and Agony
                  | to your library.
  4964 | D:5      | Reached skill level 4 in Spellcasting
  5746 | D:5      | Reached XP level 7. HP: 23/50 MP: 17/17
  5959 | D:5      | Reached skill level 6 in Ice Magic
  6036 | D:5      | Found a runed translucent door.
  6037 | D:5      | Noticed Crazy Yiuf
  6043 | D:5      | Killed Crazy Yiuf
  7210 | D:6      | Learned a level 2 spell: Static Discharge
  7388 | D:5      | Reached skill level 5 in Spellcasting
  7622 | D:6      | Reached skill level 1 in Conjurations
  7622 | D:6      | Reached skill level 1 in Air Magic
  8260 | D:6      | Reached skill level 2 in Conjurations
  8260 | D:6      | Reached skill level 2 in Air Magic
  8268 | D:6      | Reached XP level 8. HP: 33/57 MP: 20/20
  8819 | D:6      | Reached skill level 3 in Conjurations
  8819 | D:6      | Reached skill level 3 in Air Magic
  8998 | D:6      | Reached skill level 6 in Spellcasting
  9220 | D:7      | magus.rc [v1.9.6]
  9326 | D:7      | Found a staircase to the Ecumenical Temple.
  9512 | D:7      | Learned a level 3 spell: Swiftness
  9867 | D:7      | You pick up a book of Callings and begin reading...
  9867 | D:7      | You add the spells Summon Small Mammal, Call Canine
                  | Familiar and Summon Guardian Golem to your library.
  9928 | D:7      | HP: 10/57 [ice beast (10)]
 10224 | D:7      | Reached skill level 4 in Conjurations
 10224 | D:7      | Reached skill level 4 in Air Magic
 10234 | D:7      | Learned a level 4 spell: Airstrike
 11069 | D:8      | Noticed a two-headed ogre
 11084 | D:8      | Killed a two-headed ogre
 11085 | D:8      | Reached XP level 9. HP: 54/62 MP: 23/23
 11116 | D:8      | Learned a level 4 spell: Summon Ice Beast
 11164 | D:8      | Reached skill level 5 in Air Magic
 11179 | D:8      | Reached skill level 5 in Conjurations
 11181 | D:8      | Reached skill level 7 in Spellcasting
 11358 | D:8      | Noticed Grum
 11368 | D:8      | Reached skill level 1 in Short Blades
 11368 | D:8      | Reached skill level 1 in Summonings
 11378 | D:8      | Killed Grum
 11966 | D:9      | Identified the +5 halberd "Byts" {vamp, +Blink rCorr}
 11980 | D:9      | Found Egipne's Magic Scroll Emporium.
 11989 | D:9      | Bought a scroll of enchant weapon for 90 gold pieces
 11989 | D:9      | Bought a scroll of teleportation for 36 gold pieces
 12164 | D:9      | Reached skill level 2 in Short Blades
 12164 | D:9      | Reached skill level 2 in Summonings
 12324 | D:9      | Found Daogyah's Armour Boutique.
 12753 | D:9      | Reached XP level 10. HP: 55/69 MP: 25/25
 12984 | D:9      | Reached skill level 3 in Short Blades
 12984 | D:9      | Reached skill level 6 in Conjurations
 12984 | D:9      | Reached skill level 3 in Summonings
 12984 | D:9      | Reached skill level 6 in Air Magic
 12992 | D:9      | HP: 17/69 [poisoned by a kobold brigand]
 12999 | D:9      | HP: 17/69 [/static electricity (1)]
 14201 | D:10     | Entered Level 10 of the Dungeon
 14321 | D:10     | Noticed a two-headed ogre
 14325 | D:10     | Killed a two-headed ogre
 14330 | D:10     | Learned a level 3 spell: Call Canine Familiar
 14858 | D:10     | Reached skill level 3 in Stealth
 15037 | D:10     | Found Totzare's Antique Weapon Shoppe.
 15040 | D:10     | Found Kuvaojak's Assorted Antiques.
 15042 | D:10     | Found Moroa's Distillery.
 15048 | D:10     | Bought a scroll of blinking for 232 gold pieces
 15048 | D:10     | Bought a potion of curing for 93 gold pieces
 15048 | D:10     | Bought a scroll labelled MIUDGH SENU for 31 gold pieces
 15048 | D:10     | Bought a runed leather armour for 155 gold pieces
 15048 | D:10     | Bought a brass wand for 124 gold pieces
 15100 | D:10     | Reached skill level 3 in Dodging
 15100 | D:10     | Reached skill level 8 in Spellcasting
 15102 | D:10     | Reached skill level 4 in Summonings
 15209 | D:10     | Found Jiss's General Store.
 15572 | D:10     | Found a staircase to the Lair.
 15815 | D:10     | Acquired a book of Spatial Translocations
 15816 | D:10     | You pick up a book of Spatial Translocations and begin
                  | reading...
 15816 | D:10     | You add the spells Blink, Momentum Strike and Lesser
                  | Beckoning to your library.
 15820 | D:10     | Learned a level 2 spell: Blink
 15935 | D:10     | Bought 2 potions of curing for 84 gold pieces
 15950 | D:10     | Upgraded the game from 0.31-a0-1178-gc5c9b8f871 to
                  | 0.31-a0-1204-ge2c1a860ed
 15950 | D:10     | magus.rc [v1.9.6]
 15950 | D:10     | magus.rc [v1.9.6]
 15975 | Lair:1   | Entered Level 1 of the Lair of Beasts
 16596 | Lair:1   | You pick up a book of Vapours and begin reading...
 16596 | Lair:1   | You add the spells Poisonous Vapours, Mephitic Cloud and
                  | Freezing Cloud to your library.
 16646 | Lair:1   | Reached XP level 11. HP: 33/74 MP: 27/27
 16650 | Lair:1   | Reached skill level 1 in Translocations
 16866 | Lair:1   | Reached skill level 4 in Stealth
 16866 | Lair:1   | Reached skill level 7 in Conjurations
 16937 | Lair:1   | Reached skill level 7 in Air Magic
 17364 | Lair:1   | Reached skill level 7 in Ice Magic
 17377 | Lair:1   | Reached skill level 4 in Dodging
 17901 | Lair:2   | Reached skill level 2 in Translocations
 17937 | Lair:2   | Noticed a pharaoh ant
 17954 | Lair:2   | Killed a pharaoh ant
 17955 | Lair:2   | Reached skill level 4 in Short Blades
 17955 | Lair:2   | Reached skill level 5 in Summonings
 18126 | Lair:2   | Found a hole to the Spider Nest.
 18422 | Lair:2   | Noticed Phlounder's ghost (journeyman MfSh)
 18455 | Lair:2   | Found a runed translucent door.
 19221 | Lair:2   | Reached skill level 3 in Translocations
 19224 | Lair:2   | HP: 17/74 [manticore/volley of spikes (4)]
 19225 | Lair:2   | HP: 1/74 [manticore/volley of spikes (16)]
 19236 | Lair:2   | Reached skill level 5 in Stealth
 19797 | Lair:3   | Noticed a seven-headed hydra
 19815 | Lair:3   | Killed a seven-headed hydra
 19816 | Lair:3   | Reached XP level 12. HP: 39/81 MP: 29/29
 20065 | Lair:3   | Reached skill level 5 in Dodging
 20548 | Lair:3   | Reached skill level 5 in Short Blades
 20721 | Lair:3   | Reached skill level 8 in Conjurations
 20746 | Lair:3   | You fall into a shaft and drop 2 floors!
 20746 | Lair:5   | Entered Level 5 of the Lair of Beasts
 20784 | Lair:5   | Noticed an eight-headed hydra
 20793 | Lair:5   | Killed an eight-headed hydra
 20794 | Lair:5   | Reached skill level 9 in Spellcasting
 20794 | Lair:5   | Reached skill level 6 in Summonings
 20794 | Lair:5   | Reached skill level 8 in Air Magic
 20817 | Lair:5   | Reached skill level 8 in Ice Magic
 20892 | Lair:5   | Reached skill level 6 in Stealth
 21361 | Lair:4   | Reached skill level 6 in Dodging
 21660 | Lair:3   | Upgraded the game from 0.31-a0-1204-ge2c1a860ed to
                  | 0.31-a0-1227-g0136665373
 21660 | Lair:3   | magus.rc [v1.9.6]
 21858 | Lair:3   | Reached XP level 13. HP: 86/86 MP: 23/30
 22151 | Lair:3   | You add the spells Gell's Gravitas, Teleport Other and
                  | Dispersal to your library.
 22157 | Lair:3   | Learned a level 4 spell: Summon Lightning Spire
 22186 | Lair:3   | Found a staircase to the Shoals.
 22540 | Lair:3   | Found a runed translucent gate.
 22541 | Lair:3   | Found a runed translucent gate.
 22542 | Lair:3   | Found a runed translucent gate.
 22544 | Lair:3   | Noticed JumbleTraveling's ghost (journeyman GnAr)
 22676 | Lair:3   | Acquired the +0 pair of gloves of Tadun {Dex+3 SInv Stlth+}
 23270 | Lair:3   | Reached skill level 1 in Fighting
 23352 | Lair:3   | HP: 22/90 [poisoned by a killer bee]
 23363 | Lair:3   | HP: 22/90 [/static electricity (2)]
 24018 | Lair:4   | Found a large runed translucent door.
 24019 | Lair:4   | Found a large runed translucent door.
 24021 | Lair:4   | Noticed porpoise's ghost (journeyman MiCA)
 25010 | Lair:5   | Reached skill level 7 in Stealth
 25164 | Lair:5   | HP: 19/91 [four-headed hydra (9)]
 25167 | Lair:5   | HP: 5/91 [four-headed hydra (12)]
 25457 | Lair:5   | Reached skill level 2 in Fighting
 25497 | Lair:5   | Reached skill level 7 in Summonings
 26654 | Lair:5   | Found a staircase to the Slime Pits.
 26718 | Lair:5   | Noticed Sonja
 26726 | Lair:5   | Killed Sonja
 26727 | Lair:5   | Reached skill level 9 in Conjurations
 26864 | Lair:5   | Reached skill level 9 in Air Magic
 27438 | Lair:5   | Reached skill level 3 in Fighting
 28113 | Lair:5   | Noticed a dire elephant
 28933 | D:11     | Reached skill level 6 in Short Blades
 28933 | D:11     | Reached skill level 10 in Spellcasting
 29197 | D:11     | magus.rc [v1.9.6]
 29315 | D:11     | magus.rc [v1.9.6]
 29587 | D:11     | Reached XP level 14. HP: 87/103 MP: 8/32
 29777 | D:11     | Found a staircase to the Orcish Mines.
 30098 | D:11     | Reached skill level 4 in Fighting
 30325 | D:11     | You pick up a book of the Earth and begin reading...
 30325 | D:11     | You add the spells Leda's Liquefaction, Lee's Rapid
                  | Deconstruction and Bombard to your library.
 30330 | D:11     | Learned a level 3 spell: Mephitic Cloud
 30843 | D:12     | Reached skill level 8 in Summonings
 31713 | D:12     | You pick up a book of Burglary and begin reading...
 31714 | D:12     | Acquired the +6 Majin-Bo {spellvamp, MP+6 Int+6}
 31714 | D:12     | Found the +6 Majin-Bo {spellvamp, MP+6 Int+6}
 32584 | D:13     | You pick up a book of Touch and begin reading...
 32584 | D:13     | You add the spells Kiss of Death, Confusing Touch and
                  | Dispel Undead to your library.
 32764 | D:13     | Found a runed translucent door.
 32765 | D:13     | Found a runed translucent door.
 32788 | D:13     | Found a runed translucent door.
 32924 | D:13     | Reached skill level 7 in Short Blades
 32944 | D:13     | Reached skill level 5 in Fighting
 32944 | D:13     | Reached skill level 10 in Air Magic
 34746 | D:14     | Found a gate to the Vaults.
 35141 | D:14     | Found Nekown's Antique Weapon Shoppe.
 35146 | D:14     | Identified the +4 rapier of Impatience {freeze, Int+2}
 35485 | D:14     | Bought a crystal hand axe for 216 gold pieces
 35485 | D:14     | Identified the +4 hand axe "Suaskee" {flame, Will+} (You
                  | bought it in a shop on level 14 of the Dungeon)
 35604 | D:14     | Reached skill level 9 in Summonings
 36092 | D:14     | Reached skill level 6 in Fighting
 36671 | D:15     | Entered Level 15 of the Dungeon
 36711 | D:15     | Reached skill level 11 in Spellcasting
 36768 | D:15     | Upgraded the game from 0.31-a0-1227-g0136665373 to
                  | 0.31-a0-1237-gabc64e778c
 36768 | D:15     | magus.rc [v1.9.6]
 37240 | D:15     | You pick up a book of Blood and begin reading...
 37240 | D:15     | You add the spells Sublimation of Blood, Wereblood and
                  | Summon Hydra to your library.
 37241 | D:15     | Found a staircase to the Depths.
 37242 | D:15     | Noticed a fire giant
 37253 | D:15     | Killed a fire giant
 37515 | D:15     | Found Vyvvefef's Antique Armour Emporium.
 37523 | D:15     | Bought a glowing scarf for 232 gold pieces
 37829 | Orc:1    | Entered Level 1 of the Orcish Mines
 37951 | Orc:1    | Reached XP level 15. HP: 116/116 MP: 18/35
 38425 | Orc:1    | Found a dark tunnel.
 38434 | Volcano  | Entered a volcano
 40181 | Orc:2    | Entered Level 2 of the Orcish Mines
 40758 | Orc:2    | Reached skill level 11 in Air Magic
 40963 | Orc:2    | Reached skill level 7 in Fighting
 42188 | Orc:2    | Reached skill level 10 in Summonings
 42521 | Orc:2    | Found Vech's Magic Scroll Emporium.
 42521 | Orc:2    | Found Biacysch's General Store.
 42522 | Orc:2    | Found Ojuulit's Antique Armour Shoppe.
 42526 | Orc:2    | Found Ceusilic's Distillery.
 42529 | Orc:2    | Bought a scroll of blinking for 97 gold pieces
 42529 | Orc:2    | Bought a scroll of fog for 52 gold pieces
 42535 | Orc:2    | Bought a twisted leather armour for 252 gold pieces
 42535 | Orc:2    | Identified the +0 leather armour of Dim Light {Harm Will+
                  | Regen+ Str-2} (You bought it in a shop on level 2 of the
                  | Orcish Mines)
 42535 | Orc:2    | Bought a pair of fine boots for 342 gold pieces
 42535 | Orc:2    | Identified the +1 pair of boots of the Valley {rPois rF+
                  | rCorr Str-5} (You bought it in a shop on level 2 of the
                  | Orcish Mines)
 42535 | Orc:2    | Bought a pair of crude boots for 342 gold pieces
 42535 | Orc:2    | Identified the +3 pair of boots of Apathy {rCorr Str+2}
                  | (You bought it in a shop on level 2 of the Orcish Mines)
 42538 | Orc:2    | Bought a potion of heal wounds for 60 gold pieces
 42938 | Orc:2    | Found a staircase to the Elven Halls.
 43252 | Spider:1 | Entered Level 1 of the Spider Nest
 43537 | Spider:1 | HP: 9/118 [pharaoh ant (37)]
 43537 | Spider:1 | Mangled by a pharaoh ant

Vanquished Creatures
  A fire giant (D:15)
  An orc warlord (Orc:2)
  4 centaur warriors
  6 hydras
  A vault guard (D:14)
  A catoblepas (Lair:5)
  3 boulder beetles
  A death yak (Lair:5)
  A tengu warrior (D:13)
  A hell hog (Volcano)
  8 two-headed ogres
  3 orc high priests
  Sonja (Lair:5)
  2 skysharks
  2 skeletal warriors
  A pharaoh ant (Lair:2)
  3 lindwurms
  An arcanist (D:15)
  A deep elf pyromancer (D:15)
  A phantasmal warrior (D:14)
  7 manticores
  4 orc sorcerers (Orc:2)
  2 oklob plants (Lair:3)
  15 ugly things
  2 cyclopes
  A salamander (Volcano)
  6 elephants (Lair:5)
  4 black mambas
  2 kobold blastminers (Orc:2)
  2 gargoyles
  2 torpor snails
  2 rime drakes
  13 cane toads
  2 unseen horrors
  2 efreet (D:13)
  6 komodo dragons
  A tengu conjurer (D:15)
  A freezing wraith (D:15)
  A queen bee (Lair:3)
  4 trolls
  3 polar bears
  A hornet (shapeshifter) (D:15)
  A tarantella (Lair:2)
  7 slime creatures
  39 blink frogs
  A raiju (shapeshifter) (D:14)
  A dream sheep (Lair:5)
  A shadow (D:9)
  57 yaks
  2 vampires
  4 wyverns
  4 steam dragons
  A fire bat (Volcano)
  14 basilisks
  A redback (Lair:2)
  A warg (Orc:2)
  3 vampire mosquitoes (D:14)
  2 acid dragons (D:10)
  22 water moccasins
  2 hell hounds (Volcano)
  3 black bears
  A meliai simulacrum (D:15)
  3 ice beasts
  18 orc warriors
  13 wolves
  8 ogres
  4 centaurs
  2 phantoms
  2 kobold brigands
  4 scorpions
  14 bullfrogs
  3 wights (D:9)
  A troll zombie (D:11)
  A vampire bat (Orc:1)
  39 killer bees
  6 howler monkeys
  5 electric eels
  4 jellies
  26 orc priests
  2 hounds
  2 gnoll boudas
  Crazy Yiuf (D:5)
  2 sleepcaps
  5 iguanas
  49 orc wizards
  4 ogre zombies (D:11)
  8 mummies
  Robin (D:3)
  6 gnolls
  7 adders
  A shadow imp (D:6)
  2 white imps
  3 ufetubi
  2 worms (D:3)
  3 dart slugs
  51 orcs
  4 ball pythons
  6 endoplasms
  3 giant cockroaches
  15 goblins
  6 hobgoblins
  4 jackals (D:3)
  7 kobolds
  2 quokkas (D:1)
  6 bats
  2 frilled lizards (D:2)
  2 gnoll skeletons (D:11)
  A hobgoblin zombie (D:5)
  6 orc skeletons (D:11)
  12 orc zombies
  6 rats
677 creatures vanquished.

Vanquished Creatures (collateral kills)
  A boulder beetle (D:14)
  A death yak (Lair:5)
  A skyshark (Lair:5)
  2 skeletal warriors (D:13)
  An orc knight (Orc:1)
  2 cyclopes
  A manticore (D:12)
  8 ugly things (D:14)
  A merfolk siren (Lair:3)
  A gargoyle (D:12)
  A komodo dragon (D:12)
  2 blink frogs (Lair:5)
  A dream sheep (Lair:5)
  8 slime creatures
  A vampire (D:11)
  A water elemental (D:12)
  2 wraiths (D:12)
  3 yaks
  Grum (D:8)
  A basilisk (D:14)
  A water moccasin (Lair:3)
  2 acid dragons
  4 orc warriors (Orc:2)
  2 wolves (Lair:4)
  2 phantoms (D:11)
  3 ogre zombies (D:11)
  4 orcs
  4 orc skeletons (D:11)
  2 orc zombies (D:11)
64 creatures vanquished.

Grand Total: 741 creatures vanquished

Table legend:
 A = Non-vault XP
 B = Vault XP
 C = Vault XP percentage of total XP
 D = Non-vault monster count
 E = Vault monster count
 F = Vault count percentage of total count
                 A         B        C        D         E       F
            +---------+---------+-------+---------+---------+-------
      Total |   99773 |   40856 |  29.1 |     488 |     253 |  34.1
            +---------+---------+-------+---------+---------+-------
        D:1 |      22 |       0 |   0.0 |      11 |       0 |   0.0
        D:2 |      49 |       6 |  10.9 |      21 |       3 |  12.5
        D:3 |      75 |      33 |  30.6 |      12 |      10 |  45.5
        D:4 |      10 |       0 |   0.0 |       5 |       0 |   0.0
        D:5 |     657 |     129 |  16.4 |      15 |       7 |  31.8
        D:6 |     398 |     777 |  66.1 |      11 |      14 |  56.0
        D:7 |     836 |       0 |   0.0 |      17 |       0 |   0.0
        D:8 |    1475 |     434 |  22.7 |      14 |       3 |  17.6
        D:9 |    2559 |       0 |   0.0 |      27 |       0 |   0.0
       D:10 |    3680 |       0 |   0.0 |      18 |       0 |   0.0
       D:11 |    6035 |     534 |   8.1 |      27 |      36 |  57.1
       D:12 |    5074 |    3090 |  37.8 |      27 |       9 |  25.0
       D:13 |    8223 |       0 |   0.0 |      18 |       0 |   0.0
       D:14 |   14785 |    2365 |  13.8 |      27 |       4 |  12.9
       D:15 |    6534 |    1292 |  16.5 |      13 |       1 |   7.1
     Lair:1 |    5634 |       0 |   0.0 |      27 |       0 |   0.0
     Lair:2 |    4952 |    3841 |  43.7 |      22 |      13 |  37.1
     Lair:3 |    7447 |    7520 |  50.2 |      27 |      51 |  65.4
     Lair:4 |    5397 |     952 |  15.0 |      24 |       5 |  17.2
     Lair:5 |   17135 |    9121 |  34.7 |      51 |      19 |  27.1
      Orc:1 |    3666 |      66 |   1.8 |      29 |       5 |  14.7
      Orc:2 |    5130 |    6156 |  54.5 |      45 |      58 |  56.3
    Ossuary |       0 |     111 | 100.0 |       0 |       6 | 100.0
    Volcano |       0 |    4429 | 100.0 |       0 |       9 | 100.0
            +---------+---------+-------+---------+---------+-------

Skill      XL: |  1  2  3  4  5  6  7  8  9 10 11 12 13 14 15 |
---------------+----------------------------------------------+-----
Dodging        | 2 3 4 6 |  6.7
Stealth        | 2 3 5 6 7 |  7.4
Spellcasting   | 2 3 4 5 6 7 8 9 10 11 | 11.5
Ice Magic      | 4 5 6 7 8 |  8.9
Conjurations   | 2 4 5 6 7 8 9 |  9.0
Air Magic      | 2 4 5 6 7 8 9 10 11 | 11.2
Short Blades   | 2 3 4 5 6 7 |  7.0
Summonings     | 2 4 5 6 7 9 10 | 10.0
Translocations | 3 |  3.1
Fighting       | 3 6 7 |  7.3

Action                     |  1- 3 |  4- 6 |  7- 9 | 10-12 | 13-15 || total
---------------------------+-------+-------+-------+-------+-------++-------
  Melee: Short sword       |    14 |       |       |       |       ||    14
         Dagger            |    26 |    74 |   155 |   253 |   415 ||   923
         Punch             |     2 |       |     4 |     4 |     5 ||    15
         Bo                |       |       |       |       |     1 ||     1
  Throw: Dart              |       |       |       |       |     2 ||     2
         Boomerang         |       |       |       |       |     1 ||     1
   Cast: Freeze            |    60 |   106 |    26 |    12 |     9 ||   213
         Frozen Ramparts   |       |     5 |    42 |    50 |    43 ||   140
         Ozocubu's Armour  |       |     5 |    14 |    14 |    24 ||    57
         Static Discharge  |       |       |    25 |    38 |    19 ||    82
         Airstrike         |       |       |    15 |   156 |   596 ||   767
         Summon Ice Beast  |       |       |     1 |     6 |    33 ||    40
         Call Canine Famil |       |       |       |     2 |    17 ||    19
         Blink             |       |       |       |     2 |    10 ||    12
         Swiftness         |       |       |       |     1 |     7 ||     8
         Summon Lightning  |       |       |       |       |    20 ||    20
         Mephitic Cloud    |       |       |       |       |    11 ||    11
  Evoke: Wand              |       |     4 |     9 |    23 |    13 ||    49
         Box of beasts     |       |       |       |     1 |       ||     1
    Use: Scroll            |     6 |     5 |    11 |    14 |    10 ||    46
         Potion            |       |     2 |     1 |     4 |     3 ||    10
   Stab: Sleeping          |     6 |       |     1 |     3 |     9 ||    19
         Distracted        |       |       |       |     3 |     3 ||     6
         Confused          |       |       |       |       |     3 ||     3
 Armour: Robe              |    39 |    72 |   159 |    52 |       ||   322
         Skin              |       |    42 |       |       |       ||    42
         Leather armour    |       |       |       |   153 |   283 ||   436
         Acid dragon scale |       |       |       |       |    20 ||    20
  Dodge: Dodged            |    39 |    69 |    83 |   113 |   238 ||   542

Illustrated notes

Table legend:
 A = Kills in this place as a percentage of kills in the entire game.
 B = Kills by you in this place as a percentage of kills by you in the entire game.
 C = Kills by friends in this place as a percentage of kills by friends in the entire game.
 D = Other kills in this place as a percentage of other kills in the entire game.
 E = Experience gained in this place as a percentage of experience gained in the entire game.
 F = Experience gained in this place divided by the number of levels of this place that you have seen.
                   A       B       C       D       E      F
               +-------+-------+-------+-------+-------+----------------------
         Total | 100.0 | 100.0 | 100.0 | 100.0 | 100.0 | 5625.2
       Dungeon |  47.2 |  44.9 |  73.4 |   0.0 |  42.0 | 3938.1
          Lair |  32.3 |  34.1 |  14.1 |   0.0 |  44.1 | 12399.8
  Orcish Mines |  18.5 |  18.8 |  12.5 | 100.0 |  10.7 | 7509.0
       Ossuary |   0.8 |   0.9 |   0.0 |   0.0 |   0.1 | 111.0
       Volcano |   1.2 |   1.3 |   0.0 |   0.0 |   3.1 | 4429.0
               +-------+-------+-------+-------+-------+----------------------

Table legend: (Time is in decaauts)
 A = Elapsed time spent in this place.
 B = Non-inter-level travel time spent in this place.
 C = Inter-level travel time spent in this place.
 D = Time resting spent in this place.
 E = Time spent auto-exploring this place.
 F = Levels seen in this place.
 G = Mean time per level.
                   A        B        C        D        E       F      G
               +--------+--------+--------+--------+--------+-----+--------+
         Total |  43162 |  41698 |   1464 |  19715 |  13961 |  25 | 1726.5 |
       Dungeon |  24770 |  23729 |   1041 |  10585 |   8660 |  15 | 1651.3 |
          Lair |  13075 |  12805 |    270 |   5963 |   4174 |   5 | 2615.0 |
   Spider Nest |      5 |      5 |      0 |      0 |      0 |   1 |    5.0 |
  Orcish Mines |   4199 |   4048 |    151 |   2396 |   1127 |   2 | 2099.5 |
       Ossuary |     69 |     69 |      0 |      0 |      0 |   1 |   69.0 |
       Volcano |   1042 |   1042 |      0 |    771 |      0 |   1 | 1042.0 |
               +--------+--------+--------+--------+--------+-----+--------+

Top non-repeatable levels by time:
  Lair:5: 3870 daAuts
  Lair:3: 3507 daAuts
     D:5: 2675 daAuts
    D:14: 2545 daAuts
   Orc:1: 2348 daAuts
     D:6: 2227 daAuts
     D:9: 2194 daAuts
  Lair:2: 2146 daAuts
    D:11: 2074 daAuts
    D:13: 1987 daAuts
     D:7: 1917 daAuts
  Lair:1: 1900 daAuts
   Orc:2: 1851 daAuts
    D:10: 1761 daAuts
  Lair:4: 1650 daAuts
